 Dungeon Crawl Stone Soup version 0.31.0-32-g396128a36d (webtiles) character file.

Game seed: 17454384721356314432

2023255 Anone the Intangible (level 27, 217/222 HPs)
             Began as a Merfolk Monk on Apr 19, 2024.
             Was a High Priest of Hepliaklqana.
             Escaped with the Orb
             ... and 3 runes
             ... and 1 gem!
             The game lasted 01:44:19 (52146 turns).

Anone the Intangible (Merfolk Monk)                Turns: 52146, Time: 01:44:19

Health: 217/222    AC: 20    Str: 13    XL:     27
Magic:  37/37      EV: 62    Int: 10    God:    Hepliaklqana [*****.]
Gold:   3602       SH:  0    Dex: 47    Spells: 30/36 levels left

rFire   + + +        p - +9 great sword (freeze)
rCold   + + .        (shield currently unavailable)
rNeg    + . .        a - +5 steam dragon scales
rPois   .            V - +1 helmet "Etomosesch" {rElec rF++ Will-}
rElec   +            S - +4 dragonskin cloak
rCorr   +            f - +0 pair of fencer's gloves {Riposte Dex+3}
SInv    .            y - +1 pair of boots "Gikin" {Regen+ rCorr Dex+4}
Will    +....        K - amulet of Agric {rC+ rN+ Regen+}
Stlth   ++++         I - +6 ring of dexterity
HPRegen 2.17/turn    Q - +6 ring of dexterity
MPRegen 0.25/turn

%: no passive effects
@: studying Earth Magic
A: reduced essence, (nimble swimmer 2), mertail, cold resistance 1,
deterioration 1, fire resistance 1, teleportitis 1, noise suppression
0: Orb of Zot
}: 3/15 runes: decaying, abyssal, gossamer
a: Renounce Religion, Recall Ancestor, Ancestor Identity, Transference, Idealise


You escaped.
You worshipped Hepliaklqana.
Hepliaklqana was extremely pleased with you.
You visited 9 branches of the dungeon, and saw 46 of its levels.
You visited the Abyss 2 times.
You visited 1 bazaar.
You also visited: Ossuary, Bailey and Gauntlet.

You collected 8606 gold pieces.
You spent 5004 gold pieces at shops.

Inventory:

Hand Weapons
 p - a +9 great sword of freezing (weapon)
Missiles
 b - 4 throwing nets
 M - 10 silver javelins (quivered)
Armour
 a - +5 steam dragon scales (worn)
 f - the +0 pair of fencer's gloves (worn) {Riposte Dex+3}
   (You acquired it on level 4 of the Dungeon)

   Riposte:   It allows the wearer to riposte with melee weapons, swiftly
   retaliating against missed or blocked melee attacks.
   Dex+3:     It affects your dexterity (+3).
 k - quicksilver dragon scales
 y - the +1 pair of boots "Gikin" (worn) {Regen+ rCorr Dex+4}
   (You found it in a Gauntlet)

   Dex+4:     It affects your dexterity (+4).
   Regen+:    It increases your rate of health regeneration.
   rCorr:     It protects you from acid and corrosion.
 S - the +4 dragonskin cloak (worn)
   (You took it off Tiamat on level 1 of the Realm of Zot)

   Avatar's Aegis: It grants the wearer a chance to resist fire, cold, poison,
   electricity, acid, and negative energy.
 V - the +1 helmet "Etomosesch" (worn) {rElec rF++ Will-}
   (You found it on level 3 of the Depths)

   rF++:      It greatly protects you from fire.
   rElec:     It insulates you from electricity.
   Will-:     It decreases your willpower.
Jewellery
 I - a +6 ring of dexterity (left hand)
 K - the amulet of Agric (around neck) {rC+ rN+ Regen+}
   (You took it off a tengu reaver on level 3 of the Depths)

   [amulet of regeneration]

   rC+:       It protects you from cold.
   rN+:       It protects you from negative energy.
   Regen+:    It increases your rate of health regeneration.
 Q - a +6 ring of dexterity (right hand)
Wands
 o - a wand of mindburst (28)
 q - a wand of roots (73)
 u - a wand of polymorph (14)
 A - a wand of quicksilver (45)
 G - a wand of flame (50)
 O - a wand of digging (16)
 X - a wand of charming (35)
Scrolls
 e - 2 scrolls of revelation
 g - 12 scrolls of fog
 l - 3 scrolls of summoning
 m - 4 scrolls of enchant weapon
 r - a scroll of poison
 s - a scroll of brand weapon
 x - a scroll of vulnerability
 B - 8 scrolls of fear
 J - 6 scrolls of teleportation
 L - 5 scrolls of blinking
Potions
 c - 13 potions of ambrosia
 d - 13 potions of brilliance
 h - a potion of lignification
 i - 27 potions of curing
 j - 5 potions of heal wounds
 n - 2 potions of might
 v - 5 potions of mutation
 w - 3 potions of invisibility
 D - 3 potions of resistance
 E - 2 potions of berserk rage
 F - 5 potions of cancellation
 H - 4 potions of haste
 R - 4 potions of enlightenment
 Y - 9 potions of magic
Miscellaneous
 t - a tin of tremorstones (2/2)
 z - a phantom mirror
 U - a box of beasts
 W - a phial of floods


   Skills:
 + Level 26.7 Fighting
 - Level 2.6(13.3) Short Blades
 - Level 19.9(20.0) Long Blades
 O Level 27 Dodging
 + Level 22.2 Stealth
 - Level 5.0 Spellcasting
 - Level 3.0 Translocations
 - Level 11.0 Alchemy
 - Level 20.0 Invocations
 + Level 19.3 Evocations


You had 30 spell levels left.
You knew the following spells:

 Your Spells              Type           Power      Damage    Failure   Level
a - Olgreb's Toxic Radia  Alch           24%        N/A       2%          4
B - Blink                 Tloc           16%        N/A       10%         2

Your spell library contained the following spells:

 Spells                   Type           Power      Damage    Failure   Level
 Sting                    Conj/Alch      52%        1d6       2%          1
 Apportation              Tloc           16%        N/A       7%          1
 Alistair's Intoxication  Alch           16%        N/A       7%          5
 Cigotuvi's Dreadful Rot  Necr/Alch/Air  18%        N/A       8%          2
 Lesser Beckoning         Tloc           16%        N/A       10%         2
 Mephitic Cloud           Conj/Alch/Air  9%         N/A       16%         3
 Momentum Strike          Conj/Tloc      10%        3d8       19%         2
 Gell's Gravitas          Tloc           8%         N/A       21%         3
 Teleport Other           Tloc           8%         N/A       21%         3
 Freeze                   Ice            8%         1d3       22%         1
 Magic Dart               Conj           8%         1d3       22%         1
 Necrotise                Necr           8%         1d4       22%         1
 Slow                     Hex            8%         N/A       22%         1
 Summon Small Mammal      Summ           8%         N/A       22%         1
 Fulminant Prism          Conj/Alch      6%         3d7       24%         4
 Petrify                  Alch/Erth      13%        N/A       24%         4
 Call Imp                 Summ           4%         N/A       34%         2
 Ensorcelled Hibernation  Hex/Ice        4%         N/A       34%         2
 Jinxbite                 Hex            4%         N/A       34%         2
 Searing Ray              Conj           4%         2d4       34%         2
 Sublimation of Blood     Necr           2%         N/A       34%         2
 Passage of Golubria      Tloc           8%         N/A       54%         4
 Irradiate                Conj/Alch      6%         3d13      54%         5
 Yara's Violent Unravell  Hex/Alch       6%         3d5       54%         5
 Call Canine Familiar     Summ           2%         N/A       56%         3
 Confusing Touch          Hex            2%         N/A       56%         3
 Dazzling Flash           Conj/Hex       4%         N/A       56%         3
 Frozen Ramparts          Ice            4%         1d1       56%         3
 Fugue of the Fallen      Necr           2%         N/A       56%         3
 Hailstorm                Conj/Ice       2%         3d5       56%         3
 Ozocubu's Armour         Ice            2%         N/A       56%         3
 Passwall                 Erth           2%         N/A       56%         3
 Sigil of Binding         Hex            2%         N/A       56%         3
 Stone Arrow              Conj/Erth      4%         3d7       56%         3
 Summon Ice Beast         Ice/Summ       2%         N/A       56%         3
 Swiftness                Air            2%         N/A       56%         3
 Tukima's Dance           Hex            2%         N/A       56%         3
 Vampiric Draining        Necr           2%         2d6       56%         3
 Dimensional Bullseye     Hex/Tloc       2%         N/A       77%         4
 Iskenderun's Mystic Bla  Conj/Tloc      5%         2d3       77%         4
 Anguish                  Hex/Necr       1%         N/A       92%         4
 Animate Armour           Summ/Erth      4%         N/A       92%         4
 Animate Dead             Necr           2%         N/A       92%         4
 Brom's Barrelling Bould  Conj/Erth      2%         2d3       92%         4
 Dispel Undead            Necr           2%         3d7       92%         4
 Martyr's Knell           Necr/Summ      2%         N/A       92%         4
 Summon Blazeheart Golem  Fire/Summ      2%         N/A       92%         4
 Summon Forest            Summ/Tloc      2%         N/A       98%         5
 Sculpt Simulacrum        Ice/Alch       6%         N/A       98%         6
 Borgnjor's Vile Clutch   Necr/Erth      1%         N/A       99%         5
 Curse of Agony           Necr           2%         N/A       99%         5
 Fireball                 Conj/Fire      1%         3d3       99%         5
 Iskenderun's Battlesphe  Conj           2%         2d6       99%         5
 Metabolic Englaciation   Hex/Ice        1%         N/A       99%         5
 Silence                  Hex/Air        1%         N/A       99%         5
 Summon Mana Viper        Hex/Summ       2%         N/A       99%         5
 Bombard                  Conj/Erth      1%         9d1       100%        6
 Conjure Ball Lightning   Conj/Air       1%         3x3d6     100%        6
 Death Channel            Necr           1%         N/A       100%        6
 Summon Cactus Giant      Summ           1%         N/A       100%        6
 Enfeeble                 Hex            1%         N/A       100%        7
 Malign Gateway           Summ/Tloc      2%         N/A       100%        7
 Monstrous Menagerie      Summ           1%         N/A       100%        7
 Orb of Destruction       Conj           1%         9d5       100%        7
 Ozocubu's Refrigeration  Ice            1%         4d7       100%        7
 Spellforged Servitor     Conj/Summ      1%         N/A       100%        7
 Summon Hydra             Summ           1%         N/A       100%        7
 Discord                  Hex            1%         N/A       100%        8
 Lehudib's Crystal Spear  Conj/Erth      1%         10d2      100%        8
 Dragon's Call            Summ           1%         N/A       100%        9
 Polar Vortex             Ice            1%         N/A       100%        9


Dungeon Overview and Level Annotations

Branches:
Dungeon (15/15)            Temple (0/1) D:6            Lair (5/5) D:8
  Swamp (4/4) Lair:3       Spider (4/4) Lair:3        Slime (0/5) Lair:4
    Orc (2/2) D:12            Elf (3/3) Orc:2        Vaults (4/5) D:14
  Crypt (0/3) Vaults:3     Depths (4/4) D:15            Zot (5/5) Depths:4
Ossuary (visited)          Bailey (visited)         Gauntlet (visited)

Altars:
Elyvilon
Fedhas
Gozag
Hepliaklqana
Kikubaaqudgha
Sif Muna
Uskayaw
Wu Jian
Xom
Yredelemnul
Zin
Jiyva

Shops:
D:4 *   D:9 ?   D:12 (   Orc:2 :!?(   Elf:2 =   Vaults:2 [   Vaults:3 !=
Vaults:4 [**   Depths:4 !

Portals:
Hell: Depths:1 Depths:2 Depths:3 Depths:4
Abyss: Depths:1 Depths:3 Depths:4
Pandemonium: Depths:2 Depths:3
Ziggurat: Depths:4
Trove: D:11 (give horn of Geryon)

Annotations:
D:3 2 transporters, rstyx's ghost, weakling DrSh
D:7 exclusion: oklob plant
D:10 1 runed translucent door
D:13 3 runed translucent doors, GiantSquids's ghost, journeyman HOBe


Innate Abilities, Weirdness & Mutations

Your life essence is reduced to manifest your ancestor. (-10% HP)
((You are very nimble when in or above water. (Stealth+, EV+, Speed+++)))
Your lower body shifts to a powerful aquatic tail in water.
Your flesh is cold resistant. (rC+)
Your body sometimes deteriorates upon taking damage.
Your flesh is heat resistant. (rF+)
You are occasionally teleported next to monsters.
You passively dampen the noise of your surroundings.


Message History

There is a stone staircase leading down here.
There is a stone staircase leading up here.
You climb upwards.
Level annotation: 2 transporters, rstyx's ghost, weakling DrSh
There is a stone staircase leading down here.
There is a stone staircase leading up here.
You climb upwards.
There is a stone staircase leading down here.
There is a stone staircase leading up here.
You climb upwards.
There is a stone staircase leading down here.
You feel yourself speed up.
A Brimstone Fiend comes into view.
You hit the Brimstone Fiend but do no damage.
You slice the Brimstone Fiend!! You freeze the Brimstone Fiend.
The Brimstone Fiend is moderately wounded.
You hit the Brimstone Fiend. You freeze the Brimstone Fiend.
The Brimstone Fiend is heavily wounded.
The Brimstone Fiend gestures at you.
The sphere of damnation explodes!
The damnation engulfs you!!
The damnation engulfs the Brimstone Fiend.
The Brimstone Fiend completely resists.
You barely miss the Brimstone Fiend.
The Brimstone Fiend is heavily wounded.
You completely miss the Brimstone Fiend.
The Brimstone Fiend is heavily wounded.
The Brimstone Fiend gestures at you.
The sphere of damnation explodes!
The damnation engulfs you!!
The damnation engulfs the Brimstone Fiend.
The Brimstone Fiend completely resists.
You cut the Brimstone Fiend into ribbons!!!
You freeze the Brimstone Fiend!!
You kill the Brimstone Fiend!
No target in view!
Your extra speed is starting to run out.
There is a staircase leading out of the dungeon here.
Something appears at your feet!
You now have 3602 gold pieces (gained 786).
You feel yourself slow down.
You have escaped!

....###........#.###.###...######
....'....#####+#.###............#
....####.# ##.....#####.....###.
########.# ##.......## #.........
#...##.#.###.........###.#...###.
#...##...##...........+#.........
#P.P##...#.............#.....#.#.
######.#.#.............#.#.......
########.#......@......#.#...#.#.
.....# #.#.............#.#...#.#.
....## #.#.............#.........
....# #.##...........##.....#.#.
....# #.###.........###.....#.#.
....####.####.......##.........#.
######..†...#'.....###.##....###.
#......###...####.##....# #.
#......# ##.#+....##...)###.


There were no monsters in sight!

Vanquished Creatures
  3 dread liches
  Tiamat (Zot:1)
  An ancient lich (Zot:5)
  7 orbs of fire
  2 juggernauts (Depths:3)
  Xtahua (Vaults:2)
  Boris (twice) (Vaults:3 Depths:4)
  2 Killer Klowns
  Vv (Depths:2)
  2 caustic shrikes (Depths:3)
  A curse toe (Zot:2)
  Nikola (Swamp:1)
  11 golden dragons
  6 bone dragons
  Norris (Elf:3)
  Arachne (Spider:3)
  2 electric golems
  A Brimstone Fiend (D:1)
  Zenata (Vaults:1)
  17 tentacled monstrosities
  2 liches
  15 Orb Guardians
  A walking earthen tome (Depths:3)
  2 walking crystal tomes (Depths:3)
  3 titans
  3 quicksilver dragons
  5 sphinxes
  A deep elf master archer (Elf:3)
  A walking frostbound tome (Depths:4)
  2 tentacled starspawn (Abyss:3)
  2 deep elf blademasters
  7 death cobs
  A thorn hunter (Swamp:3)
  An ancient champion (Depths:2)
  13 storm dragons
  Donald (Vaults:4)
  4 tengu reavers
  A daeva (Abyss:3)
  2 protean progenitors (Zot:2)
  A fenstrider witch (Swamp:3)
  8 shadow dragons
  4 draconian monks
  9 fire giants
  2 draconian shifters (Zot:3)
  3 draconian knights
  4 draconian scorchers
  8 emperor scorpions
  3 deep elf sorcerers (Elf:3)
  4 vault wardens
  9 frost giants
  2 deep elf elementalists (Elf:3)
  10 ghost moths
  2 reapers
  2 ghouls (Vaults:3)
  Louise (Spider:1)
  6 draconian stormcallers
  A formless jellyfish (Vaults:3)
  9 stone giants
  2 broodmothers
  7 draconian annihilators
  2 spriggan defenders (Depths:3)
  16 ironbound preservers
  8 ironbound thunderhulks
  13 very ugly things
  10 green draconians
  A deep elf demonologist (Elf:3)
  2 deep elf death magi (Elf:3)
  7 vampire knights
  2 bunyips
  7 yellow draconians
  11 black draconians
  A war gargoyle (Vaults:3)
  15 white draconians
  6 eleionomae
  7 purple draconians
  4 dire elephants
  An eidolon (Abyss:3)
  4 red draconians
  3 spark wasps
  4 deep elf annihilators (Elf:3)
  A minotaur (Gauntlet)
  The ghost of Oluzaz the Covert, a journeyman OpFi of Trog (Lair:2)
  15 starcursed masses (Abyss:3)
  A blizzard demon (Abyss:3)
  12 fire dragons
  2 crystal guardians (Vaults:4)
  A merfolk javelineer (Abyss:3)
  12 ettins
  2 shambling mangroves
  3 deep elf high priests
  Fannar (D:11)
  Harold (D:10)
  2 entropy weavers
  17 hydras
  5 rakshasas
  6 great orbs of eyes
  A quicksilver dragon skeleton (Abyss:3)
  A hell beast (Depths:2)
  10 yaktaur captains
  Erolcha (D:12)
  4 vault guards
  14 ice dragons
  6 ghost crabs (Swamp:2)
  2 catoblepae
  2 ogre magi (Orc:2)
  A peacekeeper (Vaults:4)
  The ghost of Qeexoa the Fighter, a journeyman VSFi of Ru (Lair:2)
  3 spriggan air magi
  2 alligators
  3 jorogumos
  15 centaur warriors
  6 ironbound frosthearts
  A radroach (Spider:4)
  2 satyrs (Zot:2)
  7 boulder beetles
  11 tengu warriors
  10 two-headed ogres
  17 dancing weapons
  2 vampire magi
  11 death yaks
  6 thrashing horrors (Abyss:3)
  A naga warrior (Abyss:3)
  7 deep troll shamans
  11 deep troll earth magi
  A hell hog (Depths:2)
  An occultist (D:15)
  5 spriggan berserkers
  13 hell knights
  2 soul eaters
  9 demonic crawlers
  Sonja (Lair:1)
  A sun demon (D:10)
  7 iron trolls
  9 deep elf knights
  5 wretched stars (Abyss:3)
  A spectral spark wasp (Depths:2)
  5 goliath frogs
  A sixfirhy (Abyss:1)
  6 pharaoh ants
  5 skysharks
  54 deep trolls
  9 spriggan druids
  A sun moth (Spider:4)
  A death drake (Zot:1)
  A glowing orange brain (Depths:2)
  4 bog bodies
  A quicksilver dragon simulacrum (Depths:2)
  A swamp dragon (shapeshifter) (Depths:3)
  Pikel (D:8)
  3 deep elf archers
  12 orb spiders
  A shadow demon (Depths:4)
  10 swamp dragons
  10 arcanists
  4 flayed ghosts
  16 lindwurms
  19 ironbound convokers
  5 necromancers
  21 deep elf pyromancers
  2 steelbarb worms
  11 harpies
  12 wolf spiders
  20 deep elf zephyrmancers
  3 orc knights
  2 orc sorcerers
  15 large abominations
  43 ugly things
  2 worldbinders (Abyss:3)
  3 will-o-the-wisps
  4 cyclopes
  A manticore (D:11)
  28 moths of wrath
  14 elephants
  A frost giant zombie (Depths:2)
  3 meliai (D:14)
  5 apocalypse crabs
  An elephant (shapeshifter) (Depths:3)
  A smoke demon (Abyss:2)
  A kobold blastminer (Orc:2)
  A guardian serpent (Abyss:3)
  2 black mambas
  13 vault sentinels
  A water nymph (shapeshifter) (Depths:3)
  12 cane toads
  A naga skeleton (Abyss:2)
  7 torpor snails
  An orange demon (Abyss:3)
  4 rime drakes
  Maggie (D:8)
  2 kobold demonologists (D:14)
  2 freezing wraiths
  The ghost of yey the Insei, a novice OpWr of Wu Jian (D:5)
  An ancient zyme (Abyss:3)
  Psyche (D:12)
  An efreet (D:14)
  12 yaktaurs
  6 komodo dragons
  2 tengu conjurers
  6 trolls
  A polar bear (shapeshifter) (Elf:1)
  9 tyrant leeches
  4 polar bears
  20 tarantellas
  Grinder (D:4)
  18 hornets
  A raiju (Abyss:3)
  A wind drake (shapeshifter) (Depths:4)
  15 blink frogs
  A wind drake (Lair:5)
  33 jumping spiders
  4 dream sheep (Lair:4)
  2 snapping turtles (Lair:5)
  A glass eye (Depths:3)
  A frost giant simulacrum (Depths:2)
  19 slime creatures
  3 air elementals
  6 small abominations
  20 culicivoras
  A water elemental (Elf:1)
  2 vampires
  2 ynoxinuls
  10 spriggans
  28 yaks
  6 basilisks
  3 fire bats (Abyss:3)
  2 wraiths
  7 wyverns
  12 wargs
  A hog (Swamp:1)
  A human (shapeshifter) (Elf:2)
  5 fire elementals
  3 vampire mosquitoes (D:11)
  4 neqoxecs
  41 redbacks
  4 steam dragons
  5 chaos spawn
  3 nagas (Abyss:3)
  20 swamp worms
  An acid dragon (shapeshifter) (Depths:4)
  An acid dragon (Zot:1)
  9 water moccasins
  3 hexers
  7 swamp drakes
  28 orc warriors
  An ice beast (Abyss:3)
  A black bear (Lair:3)
  A laughing skull (Abyss:3)
  6 boggarts
  3 ogres
  5 wolves (Lair:1)
  3 lemures (D:8)
  6 centaurs
  3 kobold brigands
  4 weeping skulls
  2 brain worms
  7 bullfrogs
  A bullfrog (shapeshifter) (Spider:1)
  2 earth elementals
  A scorpion (D:5)
  A burial acolyte (Ossuary)
  A wight (Abyss:2)
  6 killer bees (D:9)
  2 electric eels (Spider:4)
  8 howler monkeys
  A bombardier beetle (D:4)
  11 orc priests
  A gnoll bouda (D:5)
  2 iron imps (Gauntlet)
  2 jellies (D:5)
  3 human skeletons
  2 iguanas
  9 orc wizards
  9 hell rats (Lair:3)
  2 bullfrog simulacra (Ossuary)
  2 mummies (Ossuary)
  3 gnolls (D:5)
  5 adders
  A shadow imp (Gauntlet)
  2 white imps
  2 ufetubi (D:6)
  2 dart slugs
  75 orcs
  7 ball pythons
  4 endoplasms
  11 gnoll zombies (Ossuary)
  8 hobgoblins
  4 jackals (D:4)
  2 quokkas
  2 bats
  A frilled lizard (D:1)
  6 goblins
  A jackal zombie (Ossuary)
  20 kobolds
  3 orc zombies (Ossuary)
  7 rats
  11 butterflies (Vaults:2)
  A lurking horror (Abyss:3)
1742 creatures vanquished.

Vanquished Creatures (collateral kills)
  2 orbs of fire (Zot:5)
  An ancient lich (Zot:4)
  Mennas (Vaults:3)
  A juggernaut (Depths:4)
  2 Killer Klowns (Zot:5)
  A bone dragon (Abyss:3)
  5 golden dragons
  2 electric golems
  3 tentacled monstrosities
  3 Orb Guardians (Zot:5)
  3 liches (Zot:4)
  A deep elf master archer (Elf:3)
  A quicksilver dragon (Zot:3)
  Gastronok (D:8)
  A death cob (Zot:1)
  Kirke (Swamp:1)
  5 storm dragons
  2 shadow dragons
  A tengu reaver (Depths:3)
  A protean progenitor (Zot:2)
  A draconian monk (Zot:3)
  4 draconian shifters
  2 fire giants (Depths:3)
  2 draconian knights
  A ghost moth (Spider:3)
  2 deep elf elementalists
  2 vault wardens
  3 deep elf sorcerers (Elf:3)
  An emperor scorpion (Spider:4)
  2 draconian scorchers
  2 draconian stormcallers
  5 draconian annihilators
  A formless jellyfish (Vaults:4)
  2 very ugly things (Depths:4)
  3 black draconians
  A green draconian (Zot:1)
  A deep elf demonologist (Elf:3)
  An ironbound thunderhulk (Vaults:1)
  3 purple draconians
  2 yellow draconians
  2 deep elf annihilators (Elf:3)
  6 white draconians
  3 red draconians
  The ghost of Iphivaf the Black Belt, a journeyman OpSh of Gozag (Lair:2)
  A fire dragon (Zot:1)
  A great orb of eyes (Vaults:1)
  A deep elf high priest (Elf:3)
  A peacekeeper (Vaults:3)
  2 vault guards
  A rakshasa (Depths:3)
  The ghost of Digazuudd the Champion of Chaos, a journeyman SpMo of Makhleb (Lair:2)
  A merfolk avatar (Lair:5)
  A hydra (Lair:3)
  An ironbound frostheart (Vaults:3)
  An ogre mage (Orc:2)
  A centaur warrior (Vaults:1)
  8 dancing weapons (Elf:2)
  A deep troll earth mage (Depths:1)
  A deep troll shaman (Depths:3)
  A tengu warrior (Depths:4)
  A vampire mage (Depths:2)
  A two-headed ogre (Orc:2)
  A hell knight (Vaults:4)
  6 deep elf knights (Elf:2)
  A wretched star (Abyss:3)
  A death drake (Zot:1)
  A skyshark (Elf:3)
  3 deep trolls
  A pharaoh ant (Spider:1)
  A large abomination (Abyss:3)
  An orb spider (Spider:4)
  A glowing orange brain (Abyss:3)
  2 ironbound convokers
  A lindwurm (Vaults:3)
  2 deep elf archers (Elf:2)
  2 phantasmal warriors (Depths:4)
  3 deep elf zephyrmancers
  6 deep elf pyromancers
  4 starcursed masses (Abyss:3)
  A stone giant zombie (Depths:2)
  2 orc knights (Orc:2)
  A moth of wrath (shapeshifter) (Depths:3)
  4 ugly things
  5 moths of wrath
  Joseph (Lair:1)
  A cane toad (Lair:2)
  A smoke demon (Abyss:3)
  A yaktaur (Vaults:4)
  A hellwing (Gauntlet)
  Prince Ribbit (Lair:3)
  2 tyrant leeches (Zot:2)
  2 raiju (Abyss:3)
  2 tarantellas
  2 blink frogs
  2 glass eyes
  An ettin zombie (Depths:2)
  A spriggan (Swamp:2)
  A shadow (D:9)
  A vampire (D:9)
  4 culicivoras (Spider:4)
  2 jumping spiders
  A wyvern (D:10)
  A neqoxec (Abyss:3)
  4 yaks
  A ynoxinul (Abyss:3)
  A fire bat (Abyss:3)
  A warg (Orc:2)
  4 redbacks
  3 water moccasins
  A swamp worm (Swamp:2)
  3 black bears
  2 ice beasts (D:6)
  6 orc warriors
  A human zombie (Vaults:3)
  An ogre (D:4)
  A wolf (Lair:5)
  A bullfrog (D:6)
  A scorpion (D:5)
  An earth elemental (Elf:2)
  A small abomination (Depths:1)
  2 water moccasin zombies (Ossuary)
  A howler monkey (D:8)
  An electric eel (Spider:4)
  A quasit (Abyss:3)
  A jelly (D:6)
  3 iguanas
  2 orc wizards
  2 sleepcaps (D:5)
  2 hell rats (Lair:3)
  A crocodile zombie (Ossuary)
  5 gnolls
  An adder (D:6)
  2 ufetubi (D:5)
  A dart slug (D:3)
  A ribbon worm (D:4)
  19 orcs
  2 gnoll zombies (Ossuary)
  A goblin (D:2)
  A hobgoblin (D:10)
  A jackal zombie (Ossuary)
  2 kobolds (D:14)
  5 butterflies (Vaults:2)
285 creatures vanquished.

Vanquished Creatures (others)
  A very ugly thing (Depths:4)
  A deep elf high priest (Elf:3)
  An alligator (Swamp:2)
  An occultist (Depths:1)
  An orb spider (Spider:4)
  A flayed ghost (Depths:1)
  A bog body (Swamp:1)
  A deep elf pyromancer (Elf:2)
  2 bloated husks
  2 hornets (Swamp:2)
  A boggart (Vaults:1)
  36 hexers
  An orc (D:4)
  14 foxfires
  A lurking horror (Abyss:3)
  2 starspawn tentacles (Abyss:3)
67 creatures vanquished.

Grand Total: 2094 creatures vanquished

Notes
Turn   | Place    | Note
-------+----------+-------------------------------------------
     0 | D:1      | Anone the Merfolk Monk began the quest for the Orb.
     0 | D:1      | Reached XP level 1. HP: 18/18 MP: 1/1
    96 | D:1      | Reached XP level 2. HP: 21/24 MP: 2/2
   268 | D:1      | Reached skill level 1 in Short Blades
   515 | D:1      | Reached XP level 3. HP: 29/29 MP: 3/3
   658 | D:1      | You fall into a shaft and drop 1 floor!
  1040 | D:2      | Found a hazy altar of Hepliaklqana.
  1066 | D:2      | Became a worshipper of Hepliaklqana the Forgotten
  1066 | D:2      | Reached * piety under Hepliaklqana
  1066 | D:2      | Reached ** piety under Hepliaklqana
  1067 | D:2      | Remembered your ancestor Nomusa as a hexer
  1111 | D:2      | Found a faded altar of an unknown god.
  1156 | D:2      | Reached skill level 1 in Stealth
  1156 | D:2      | Reached XP level 4. HP: 8/33 MP: 4/4
  1588 | D:3      | Identified the +2 dagger of Wiumeass {pain, rElec Will-
                  | MP+9 Int+6}
  1740 | D:3      | Found a transporter.
  1740 | D:3      | Noticed an ogre
  1741 | D:3      | Noticed rstyx's ghost (weakling DrSh)
  1743 | D:3      | Noticed an ogre
  1744 | D:3      | Noticed an ogre
  1900 | D:3      | Found a transporter.
  2066 | D:4      | Learned a level 2 spell: Blink
  2074 | D:4      | Reached XP level 5. HP: 35/37 MP: 5/5
  2079 | D:4      | Reached skill level 5 in Dodging
  2298 | D:4      | Reached XP level 6. HP: 40/43 MP: 5/7
  2414 | D:4      | Found a hazy altar of Hepliaklqana.
  2414 | D:4      | Noticed Grinder
  2422 | D:4      | Killed Grinder
  2423 | D:4      | Reached skill level 5 in Long Blades
  2423 | D:4      | Reached skill level 1 in Spellcasting
  2423 | D:4      | Reached skill level 1 in Translocations
  2662 | D:4      | Reached *** piety under Hepliaklqana
  2670 | D:4      | Reached XP level 7. HP: 49/49 MP: 9/9
  2698 | D:4      | Found a shimmering blue altar of Sif Muna.
  2834 | D:4      | Identified the +1 robe "Woucosi" {^Contam *Corrode rF+
                  | rC+++}
  3253 | D:4      | Found Wujoepn's Assorted Antiques.
  3259 | D:4      | Bought 2 scrolls labelled XUORID TUFE for 54 gold pieces
  3259 | D:4      | Bought a scroll labelled JUTISCH OMASE for 27 gold pieces
  3259 | D:4      | Bought a scroll labelled XUORID TUFE for 27 gold pieces
  3259 | D:4      | Bought a scroll labelled JUTISCH OMASE for 27 gold pieces
  3270 | D:4      | Identified a scroll of acquirement
  3270 | D:4      | Acquired the +0 pair of fencer's gloves {Riposte Dex+3}
  3270 | D:4      | Found the +0 pair of fencer's gloves {Riposte Dex+3}
  3344 | D:5      | Entered Level 5 of the Dungeon
  3385 | D:5      | Reached skill level 6 in Dodging
  3390 | D:5      | Reached skill level 5 in Fighting
  3521 | D:5      | Reached XP level 8. HP: 25/55 MP: 11/11
  3639 | D:5      | Found a sand-covered staircase.
  3648 | Ossuary  | Entered an ossuary
  3783 | Ossuary  | Reached skill level 1 in Invocations
  4075 | D:5      | Found a large runed translucent door.
  4076 | D:5      | Found a large runed translucent door.
  4079 | D:5      | Noticed yey's ghost (novice OpWr)
  4558 | D:5      | Killed yey's ghost
  4559 | D:5      | Reached skill level 7 in Dodging
  4636 | D:6      | Reached XP level 9. HP: 62/62 MP: 13/13
  4648 | D:6      | Reached **** piety under Hepliaklqana
  4667 | D:6      | Found a shimmering altar of Xom.
  4896 | D:6      | Found a staircase to the Ecumenical Temple.
  5665 | D:7      | Found a white marble altar of Elyvilon.
  5732 | D:7      | Reached skill level 8 in Dodging
  5813 | D:7      | Found a blossoming altar of Fedhas.
  5841 | D:7      | Noticed an oklob plant
  5929 | D:8      | Noticed Maggie
  5932 | D:8      | Killed Maggie
  6040 | D:8      | Found a staircase to the Lair.
  6120 | D:8      | Noticed Pikel
  6150 | D:8      | Killed Pikel
  6151 | D:8      | Reached skill level 10 in Long Blades
  6151 | D:8      | Reached XP level 10. HP: 60/71 MP: 14/14
  6238 | D:8      | Noticed Gastronok
  6253 | D:8      | Killed Gastronok
  6254 | D:8      | Reached skill level 9 in Dodging
  6254 | D:8      | Reached skill level 5 in Invocations
  6978 | D:9      | Reached ***** piety under Hepliaklqana
  7040 | D:9      | Identified the +3 spear of Ancient Evil {flame, Fly Str+4
                  | Dex+3}
  7414 | D:9      | Found Deevoss's Magic Scroll Emporium.
  7430 | D:9      | Bought a scroll of blinking for 75 gold pieces
  7430 | D:9      | Bought a scroll of identify for 20 gold pieces
  7430 | D:9      | Bought a scroll of identify for 20 gold pieces
  7430 | D:9      | Bought a scroll of identify for 20 gold pieces
  7624 | D:10     | Entered Level 10 of the Dungeon
  7661 | D:10     | Found a flagged portal.
  7675 | Bailey   | Entered a bailey
  7723 | Bailey   | Reached skill level 10 in Dodging
  7837 | Bailey   | Reached XP level 11. HP: 78/78 MP: 15/15
  8002 | Bailey   | Noticed an orc knight
  8125 | Bailey   | Killed an orc knight
  8472 | D:10     | Noticed Harold
  8487 | D:10     | Killed Harold
  8868 | D:10     | Noticed a two-headed ogre
  9042 | D:10     | Found a runed translucent door.
  9043 | D:10     | Noticed a two-headed ogre
  9229 | D:10     | Found a basalt altar of Yredelemnul.
  9398 | D:10     | Killed a two-headed ogre
  9532 | D:11     | Noticed a +0 dagger
  9532 | D:11     | Noticed a +0 hand axe
  9533 | D:11     | Found a hide-covered altar of Uskayaw.
  9572 | D:11     | Noticed a manticore
  9580 | D:11     | Killed a manticore
  9925 | D:11     | Found a portal to a secret trove of treasure.
  9968 | D:11     | Noticed a cyclops
  9975 | D:11     | Killed a cyclops
 10111 | D:11     | Noticed Fannar
 10122 | D:11     | Killed Fannar
 10123 | D:11     | Reached skill level 15 in Long Blades
 10655 | D:12     | Found a staircase to the Orcish Mines.
 10655 | D:12     | Noticed Erolcha
 10659 | D:12     | Killed Erolcha
 10660 | D:12     | Reached XP level 12. HP: 79/85 MP: 17/17
 10662 | D:12     | Found Nonoxzit's Weapon Boutique.
 10841 | D:12     | Noticed a two-headed ogre
 10849 | D:12     | Killed a two-headed ogre
 11072 | D:12     | Reached ****** piety under Hepliaklqana
 11114 | D:12     | Noticed Psyche
 11121 | D:12     | Killed Psyche
 11474 | D:13     | Found a gate leading to a gauntlet.
 11480 | Gauntlet | Entered a Gauntlet
 11480 | Gauntlet | Found a transporter.
 11480 | Gauntlet | Found a transporter.
 11480 | Gauntlet | Found a transporter.
 11490 | Gauntlet | Found a transporter.
 11493 | Gauntlet | Found a transporter.
 11500 | Gauntlet | Found a runed translucent door.
 11502 | Gauntlet | Noticed a soul eater
 11503 | Gauntlet | Found a transporter.
 11504 | Gauntlet | Found a transporter.
 11513 | Gauntlet | Found a transporter.
 11530 | Gauntlet | Found a transporter.
 11535 | Gauntlet | Noticed a reaper
 11536 | Gauntlet | Found a transporter.
 11538 | Gauntlet | Found a transporter.
 11551 | Gauntlet | Found a transporter.
 11708 | Gauntlet | Identified the +0 pair of gloves "Qehos" {rElec rN+ Regen+
                  | Dex-2}
 11724 | Gauntlet | Killed a reaper
 11741 | Gauntlet | Got the Handbook of the Overhead Scorpion
 11742 | Gauntlet | Identified the +1 pair of boots "Gikin" {Regen+ rCorr
                  | Dex+4}
 11756 | Gauntlet | Noticed a minotaur
 11768 | Gauntlet | Killed a minotaur
 11780 | Gauntlet | Got the Papyrus of the Massed Iceberg
 11780 | Gauntlet | Got Nurebb's Papyrus of Sepulchral Accompaniment
 11928 | D:13     | Noticed a centaur warrior
 11936 | D:13     | Killed a centaur warrior
 11962 | D:13     | Noticed a boulder beetle
 11965 | D:13     | Killed a boulder beetle
 12008 | D:13     | Noticed a centaur warrior
 12014 | D:13     | Killed a centaur warrior
 12015 | D:13     | Reached skill level 5 in Stealth
 12187 | D:13     | Found a runed translucent gate.
 12187 | D:13     | Found a runed translucent gate.
 12187 | D:13     | Found a runed translucent gate.
 12268 | D:13     | Noticed a centaur warrior
 12276 | D:13     | Killed a centaur warrior
 12457 | D:13     | Noticed GiantSquids's ghost (journeyman HOBe)
 12523 | D:10     | Killed a two-headed ogre
 12601 | Lair:1   | Entered Level 1 of the Lair of Beasts
 12601 | Lair:1   | Noticed Joseph
 12605 | Lair:1   | Noticed Sonja
 12610 | Lair:1   | Killed Sonja
 12611 | Lair:1   | Reached XP level 13. HP: 86/90 MP: 13/18
 12613 | Lair:1   | Killed Joseph
 13318 | D:9      | Bought a scroll of enchant armour for 75 gold pieces
 13453 | Lair:2   | Found a runed translucent gate.
 13453 | Lair:2   | Found a runed translucent gate.
 13454 | Lair:2   | Found a runed translucent gate.
 13455 | Lair:2   | Noticed Digazuudd's ghost (journeyman SpMo)
 13456 | Lair:2   | Noticed Oluzaz's ghost (journeyman OpFi)
 13456 | Lair:2   | Noticed Iphivaf's ghost (journeyman OpSh)
 13456 | Lair:2   | Noticed Qeexoa's ghost (journeyman VSFi)
 14050 | Lair:2   | Killed Iphivaf's ghost
 14053 | Lair:2   | Killed Digazuudd's ghost
 14056 | Lair:2   | Killed Oluzaz's ghost
 14057 | Lair:2   | Reached skill level 11 in Dodging
 14061 | Lair:2   | Killed Qeexoa's ghost
 14177 | Lair:3   | Reached skill level 10 in Fighting
 14274 | Lair:3   | Noticed Prince Ribbit
 14280 | Lair:3   | Reached skill level 12 in Dodging
 14284 | Lair:3   | Killed Prince Ribbit
 14359 | Lair:3   | Found a hole to the Spider Nest.
 14402 | Lair:3   | Reached XP level 14. HP: 99/99 MP: 20/20
 14777 | Lair:3   | Found a staircase to the Swamp.
 15318 | Lair:4   | Reached skill level 13 in Dodging
 15560 | Lair:4   | Reached skill level 10 in Invocations
 15566 | Lair:4   | You fall into a shaft and drop 1 floor!
 15566 | Lair:5   | Entered Level 5 of the Lair of Beasts
 15721 | Lair:4   | Reached skill level 14 in Dodging
 15738 | Lair:4   | Found a viscous altar of Jiyva.
 15738 | Lair:4   | Found a staircase to the Slime Pits.
 16251 | Lair:5   | Found an ornate altar of the Wu Jian Council.
 16369 | Lair:5   | Got an earthy gem with 242 turns to spare
 16380 | Lair:5   | Reached skill level 15 in Dodging
 16396 | Lair:5   | Reached XP level 15. HP: 87/110 MP: 22/22
 17782 | D:14     | Found an opulent altar of Gozag.
 17819 | D:14     | Reached skill level 16 in Dodging
 18086 | D:14     | Found a gate to the Vaults.
 18211 | D:15     | Entered Level 15 of the Dungeon
 18212 | D:15     | Identified the amulet of Gosk {Reflect rPois SH+5}
 18558 | D:15     | Reached skill level 17 in Dodging
 18594 | D:15     | Found a staircase to the Depths.
 19340 | Swamp:1  | Entered Level 1 of the Swamp
 19463 | Swamp:1  | Reached skill level 15 in Fighting
 19577 | Swamp:1  | Noticed Nikola
 19741 | Swamp:1  | Killed Nikola
 20194 | Swamp:1  | Noticed Kirke
 20206 | Swamp:1  | Killed Kirke
 20325 | Swamp:2  | Reached skill level 18 in Dodging
 20325 | Swamp:2  | Reached XP level 16. HP: 122/122 MP: 23/23
 20703 | Swamp:2  | Found a runed translucent door.
 20945 | Swamp:2  | Reached skill level 19 in Dodging
 21123 | Swamp:3  | Noticed a thorn hunter
 21208 | Swamp:3  | Killed a thorn hunter
 21294 | Swamp:3  | Noticed a fenstrider witch
 21307 | Swamp:3  | Killed a fenstrider witch
 22021 | Swamp:4  | Entered Level 4 of the Swamp
 22084 | Swamp:4  | Reached skill level 1 in Evocations
 22119 | Swamp:4  | Reached skill level 20 in Dodging
 22134 | Swamp:4  | Reached XP level 17. HP: 72/132 MP: 24/24
 22324 | Swamp:4  | Got a decaying rune of Zot
 22343 | Swamp:4  | Gained mutation: You are dopey. (Int -2) [potion of
                  | mutation]
 22343 | Swamp:4  | Gained mutation: You are partially covered in iridescent
                  | scales. (AC +2) [potion of mutation]
 22726 | Spider:1 | Entered Level 1 of the Spider Nest
 23085 | Spider:1 | Noticed Louise
 23091 | Spider:1 | Killed Louise
 23431 | Spider:2 | Reached skill level 5 in Evocations
 24049 | Spider:3 | Reached skill level 21 in Dodging
 24061 | Spider:3 | Noticed Arachne
 24074 | Spider:3 | Killed Arachne
 24206 | Spider:3 | Found a large runed translucent door.
 24206 | Spider:3 | Found a large runed translucent door.
 25094 | Orc:1    | Entered Level 1 of the Orcish Mines
 25603 | Orc:2    | Entered Level 2 of the Orcish Mines
 25658 | Orc:2    | Found Ruch's Magic Scroll Shop.
 25669 | Orc:2    | Bought a scroll of enchant armour for 105 gold pieces
 25681 | Orc:2    | Reached skill level 10 in Stealth
 25682 | Orc:2    | Reached XP level 18. HP: 141/141 MP: 25/25
 25808 | Orc:2    | Found Turphey's Weapon Emporium.
 25850 | Orc:2    | Found a staircase to the Elven Halls.
 26314 | Orc:2    | Found Tava's Distillery.
 26337 | Orc:2    | Found Cuumy's Book Emporium.
 26352 | Orc:2    | Bought the Unrestrained Analects for 572 gold pieces
 26352 | Orc:2    | Bought a manual of Invocations for 1040 gold pieces
 26796 | Spider:4 | Entered Level 4 of the Spider Nest
 27348 | Spider:4 | Learned a level 4 spell: Olgreb's Toxic Radiance
 27376 | Spider:4 | Reached skill level 1 in Alchemy
 27689 | Spider:4 | Identified the +1 pair of boots "Muixzar" {rF+}
 27816 | Spider:4 | Got a gossamer rune of Zot
 28292 | Elf:1    | Entered Level 1 of the Elven Halls
 28496 | Elf:1    | Identified the +4 quarterstaff of the Shrike {freeze, rF+
                  | rC+ Will- Dex+3}
 28559 | Elf:1    | Found a shimmering blue altar of Sif Muna.
 28641 | Elf:1    | Reached XP level 19. HP: 148/148 MP: 28/28
 28675 | Elf:1    | Reached skill level 22 in Dodging
 28675 | Elf:1    | Reached skill level 5 in Alchemy
 29077 | Elf:2    | Found Ziarat's Jewellery Boutique.
 29188 | Elf:2    | Found an ancient bone altar of Kikubaaqudgha.
 29410 | Elf:2    | Found a runed translucent gate.
 29410 | Elf:2    | Found a runed translucent gate.
 29419 | Elf:2    | Found a runed translucent gate.
 30125 | Elf:3    | Entered Level 3 of the Elven Halls
 30174 | Elf:3    | Identified the serpent talisman "Cup Fepp" {rC+ rN++ rCorr
                  | Str-4}
 30333 | Elf:3    | Reached skill level 5 in Spellcasting
 30384 | Elf:3    | Reached skill level 15 in Invocations
 30657 | Elf:3    | Noticed Norris
 30717 | Elf:3    | Killed Norris
 30854 | Elf:3    | Identified the +3 leather armour "Xuladup" {Dex+3}
 31002 | Elf:3    | Identified the ring of Tuddein {Ice +Blink Str+2 Dex-2
                  | SInv}
 31013 | Elf:3    | Reached XP level 20. HP: 140/156 MP: 32/32
 31019 | Elf:3    | Reached skill level 10 in Alchemy
 31108 | Elf:3    | Identified the amulet "Zuttuj" {Acrobat Harm rF- Dex+2
                  | Stlth+}
 31201 | Elf:3    | Identified the ring "Vekor" {rPois rC+ rN+ SInv}
 31235 | Elf:3    | Identified the staff of Floods {rPois rC+ Will- Str+6 Int-5
                  | Dex+2 Ice}
 31237 | Elf:3    | Got the Parchment of the Alembic
 31246 | Elf:3    | Identified the ring of Virr {Fire *Corrode rN+ Int+2}
 31254 | Elf:3    | Got the Precepts of the Crevasse
 31256 | Elf:3    | Got the Notes on Conjuration
 31262 | Elf:3    | Identified the +1 plate armour "Yvao" {Will++}
 31729 | Vaults:1 | Entered Level 1 of the Vaults
 31770 | Vaults:1 | Noticed Zenata
 32361 | Vaults:1 | Reached skill level 10 in Evocations
 32391 | Vaults:1 | Killed Zenata
 32549 | Vaults:1 | Reached skill level 23 in Dodging
 32846 | Vaults:2 | Noticed Xtahua
 32856 | Vaults:2 | Killed Xtahua
 32945 | Vaults:2 | Found a huge runed translucent gate.
 32945 | Vaults:2 | Found a huge runed translucent gate.
 32947 | Vaults:2 | Found a huge runed translucent gate.
 32948 | Vaults:2 | Found a huge runed translucent gate.
 32948 | Vaults:2 | Found a huge runed translucent gate.
 32948 | Vaults:2 | Found a huge runed translucent gate.
 32949 | Vaults:2 | Found a huge runed translucent gate.
 32949 | Vaults:2 | Found a huge runed translucent gate.
 32950 | Vaults:2 | Found a huge runed translucent gate.
 32950 | Vaults:2 | Found a huge runed translucent gate.
 32950 | Vaults:2 | Found a huge runed translucent gate.
 32950 | Vaults:2 | Found a huge runed translucent gate.
 32950 | Vaults:2 | Found a huge runed translucent gate.
 32951 | Vaults:2 | Found a huge runed translucent gate.
 32951 | Vaults:2 | Found a huge runed translucent gate.
 32963 | Vaults:2 | Found a huge runed translucent gate.
 32963 | Vaults:2 | Found a huge runed translucent gate.
 32985 | Vaults:2 | Found a huge runed translucent gate.
 33053 | Vaults:2 | Found a huge runed translucent gate.
 33053 | Vaults:2 | Found a huge runed translucent gate.
 33053 | Vaults:2 | Found a huge runed translucent gate.
 33053 | Vaults:2 | Found a huge runed translucent gate.
 33055 | Vaults:2 | Found a huge runed translucent gate.
 33056 | Vaults:2 | Found a huge runed translucent gate.
 33057 | Vaults:2 | Found a huge runed translucent gate.
 33057 | Vaults:2 | Found a huge runed translucent gate.
 33061 | Vaults:2 | Found a huge runed translucent gate.
 33062 | Vaults:2 | Found a huge runed translucent gate.
 33063 | Vaults:2 | Found a huge runed translucent gate.
 33063 | Vaults:2 | Found a huge runed translucent gate.
 33093 | Vaults:2 | Found a huge runed translucent gate.
 33094 | Vaults:2 | Found a huge runed translucent gate.
 33095 | Vaults:2 | Found a huge runed translucent gate.
 33096 | Vaults:2 | Found a huge runed translucent gate.
 33096 | Vaults:2 | Found a huge runed translucent gate.
 33149 | Vaults:2 | Found a huge runed translucent gate.
 33497 | Vaults:2 | Found Jugulet's Antique Armour Boutique.
 33503 | Vaults:2 | Bought a brightly glowing robe for 267 gold pieces
 33503 | Vaults:2 | Identified the +0 robe of Uskayaw's Hope {rC+} (You bought
                  | it in a shop on level 2 of the Vaults)
 34349 | Vaults:3 | Reached XP level 21. HP: 162/162 MP: 34/34
 34676 | Vaults:3 | Noticed Boris
 34687 | Vaults:3 | Killed Boris
 34983 | Vaults:3 | Reached skill level 24 in Dodging
 35119 | Vaults:3 | Found Jeduonox's Distillery.
 35273 | Vaults:3 | Found a staircase to the Crypt.
 35429 | Vaults:3 | Noticed Mennas
 35432 | Vaults:3 | Found Pujayrghy's Jewellery Emporium.
 35447 | Vaults:3 | Killed Mennas
 35827 | Vaults:4 | Noticed Donald
 35831 | Vaults:4 | Killed Donald
 36427 | Vaults:4 | Reached XP level 22. HP: 152/169 MP: 28/36
 36544 | Vaults:4 | Found Fopiduun's General Store.
 36544 | Vaults:4 | Found Vohogic's General Store.
 36660 | Vaults:4 | Found Zattush's Armour Boutique.
 37145 | Depths:1 | Entered Level 1 of the Depths
 37210 | Depths:1 | Found a flickering gateway to a bazaar.
 37219 | Bazaar   | Entered a bazaar
 37300 | Bazaar   | Found Ujumecw's Distillery.
 37309 | Bazaar   | Found Zieseram's Armour Boutique.
 37315 | Bazaar   | Found Muasus's Assorted Antiques.
 37324 | Bazaar   | Found Inimp's Antique Weapon Shop.
 37332 | Bazaar   | Bought a crystal great sword for 299 gold pieces
 37332 | Bazaar   | Identified the +6 great sword of Awyahas {flame, ^Fragile
                  | Str-5 Int+8} (You bought it in a shop in a bazaar)
 37360 | Bazaar   | Bought a potion of heal wounds for 180 gold pieces
 37375 | Bazaar   | Bought a potion of curing for 33 gold pieces
 37375 | Bazaar   | Bought a potion of curing for 33 gold pieces
 37375 | Bazaar   | Bought a potion of might for 44 gold pieces
 37375 | Bazaar   | Bought a potion of curing for 33 gold pieces
 37375 | Bazaar   | Bought a potion of berserk rage for 55 gold pieces
 37375 | Bazaar   | Bought a potion of mutation for 88 gold pieces
 37375 | Bazaar   | Bought a potion of mutation for 88 gold pieces
 37503 | Depths:1 | You fall into a shaft and drop 1 floor!
 37633 | Depths:2 | Reached skill level 25 in Dodging
 37877 | Depths:1 | Found a glowing silver altar of Zin.
 38005 | Depths:1 | Found a gateway to Hell.
 38070 | Depths:1 | Found a one-way gate to the infinite horrors of the Abyss.
 38637 | Depths:2 | Found a one-way gate leading to the halls of Pandemonium.
 38785 | Depths:2 | Found a hide-covered altar of Uskayaw.
 39006 | Depths:2 | Noticed Vv
 39015 | Depths:2 | Killed Vv
 39403 | Depths:3 | Noticed a juggernaut
 39414 | Depths:3 | Killed a juggernaut
 39419 | Depths:3 | Reached XP level 23. HP: 100/178 MP: 37/37
 39437 | Depths:3 | Found a blossoming altar of Fedhas.
 39661 | Depths:3 | Noticed a golden dragon
 39667 | Depths:3 | Noticed a golden dragon
 39670 | Depths:3 | Noticed a golden dragon
 39671 | Depths:3 | Killed a golden dragon
 39677 | Depths:3 | Killed a golden dragon
 39679 | Depths:3 | Killed a golden dragon
 39785 | Depths:3 | Noticed a caustic shrike
 39792 | Depths:3 | Killed a caustic shrike
 39973 | Depths:3 | Reached skill level 26 in Dodging
 39998 | Depths:3 | Reached skill level 15 in Stealth
 40066 | Depths:3 | Noticed a golden dragon
 40070 | Depths:3 | Killed a golden dragon
 40081 | Depths:3 | Noticed a golden dragon
 40081 | Depths:3 | Noticed a golden dragon
 40097 | Depths:3 | Noticed a juggernaut
 40108 | Depths:3 | Killed a juggernaut
 40234 | Depths:3 | Identified the amulet of Agric {rC+ rN+ Regen+}
 40374 | Depths:3 | Killed a golden dragon
 40540 | Depths:3 | Identified the +2 dagger of Chaos {freeze, MP+9 Str+3
                  | Stlth+}
 40824 | Depths:3 | Noticed a caustic shrike
 40828 | Depths:3 | Killed a caustic shrike
 40847 | Depths:3 | Identified the +5 hand axe of the Gibberer {flame, +Blink}
 40939 | Depths:3 | Found a runed translucent door.
 41011 | Depths:3 | Noticed a golden dragon
 41017 | Depths:3 | Killed a golden dragon
 41027 | Depths:3 | Identified the staff "Ucsu" {Dex+3 Ice Earth}
 41029 | Depths:3 | Identified the +3 troll leather armour "Ixzyonwemu" {-Tele
                  | rPois Regen+ rCorr Int-2}
 41255 | Depths:3 | Identified the +1 helmet "Etomosesch" {rElec rF++ Will-}
 41842 | Depths:4 | Entered Level 4 of the Depths
 41945 | Depths:4 | Reached skill level 27 in Dodging
 41966 | Depths:4 | Reached XP level 24. HP: 189/189 MP: 37/37
 41972 | Depths:4 | Noticed Boris
 41982 | Depths:4 | Killed Boris
 42002 | Depths:4 | Identified the +0 leather armour of Mordant the Good {rElec
                  | MP+9}
 42049 | Depths:4 | Found a gate to the Realm of Zot.
 42076 | Depths:4 | Found a one-way gateway to a ziggurat.
 42302 | Depths:4 | Noticed a juggernaut
 42311 | Depths:4 | Killed a juggernaut
 42423 | Depths:4 | Found Joonn's Distillery.
 42478 | Depths:4 | Bought a potion of heal wounds for 65 gold pieces
 42478 | Depths:4 | Bought a potion of berserk rage for 65 gold pieces
 43104 | Depths:4 | Voluntarily entered the Abyss.
 43128 | Abyss:1  | Found a corrupted altar of Lugonu.
 43144 | Abyss:1  | Found a corrupted altar of Lugonu.
 43149 | Abyss:2  | Found a corrupted altar of Lugonu.
 43210 | Abyss:2  | Gained mutation: You are very dopey. (Int -4) [a neqoxec]
 43631 | Depths:4 | Escaped the Abyss
 43753 | Depths:4 | Voluntarily entered the Abyss.
 44209 | Abyss:3  | Got an abyssal rune of Zot
 44322 | Depths:4 | Escaped the Abyss
 44371 | Depths:4 | Bought a potion of curing for 39 gold pieces
 44371 | Depths:4 | Bought a potion of curing for 39 gold pieces
 44371 | Depths:4 | Bought a potion of curing for 39 gold pieces
 44639 | Vaults:3 | Bought a potion of might for 84 gold pieces
 44639 | Vaults:3 | Bought a potion of haste for 210 gold pieces
 44639 | Vaults:3 | Bought a potion of resistance for 210 gold pieces
 44639 | Vaults:3 | Bought a potion of curing for 63 gold pieces
 44639 | Vaults:3 | Bought a potion of heal wounds for 105 gold pieces
 44639 | Vaults:3 | Bought a potion of enlightenment for 105 gold pieces
 44960 | Orc:2    | Bought a potion of curing for 42 gold pieces
 44960 | Orc:2    | Bought a potion of haste for 140 gold pieces
 44960 | Orc:2    | Bought a potion of berserk rage for 70 gold pieces
 44960 | Orc:2    | Bought 2 potions of haste for 280 gold pieces
 45281 | Vaults:4 | Bought a potion of invisibility for 152 gold pieces
 45281 | Vaults:4 | Bought a potion of curing for 57 gold pieces
 45281 | Vaults:4 | Bought a potion of curing for 57 gold pieces
 45555 | Zot:1    | Entered Level 1 of the Realm of Zot
 45586 | Zot:1    | Noticed an orb of fire
 45597 | Zot:1    | Killed an orb of fire
 45598 | Zot:1    | Reached skill level 15 in Evocations
 45673 | Zot:1    | Reached XP level 25. HP: 170/200 MP: 37/37
 45767 | Zot:1    | Found the +4 dragonskin cloak
 45767 | Zot:1    | Noticed Tiamat
 45935 | Zot:1    | Killed Tiamat
 45940 | Zot:1    | Identified the +8 hand axe of Elouge {heavy, rElec rPois
                  | Will+++ Dex-4}
 46106 | Zot:1    | Identified the +9 great sword of Harmony {venom, Int+3}
 46258 | Zot:1    | Acquired 1197 gold pieces
 46276 | Zot:1    | Identified the +0 chain mail of the Komodo Dragon {Harm}
 46996 | Zot:2    | Noticed a Killer Klown
 47622 | Zot:2    | Killed a Killer Klown
 48166 | Zot:3    | Reached XP level 26. HP: 211/211 MP: 37/37
 49499 | Zot:4    | Noticed a dread lich
 49513 | Zot:4    | Noticed a dread lich
 49530 | Zot:4    | Killed a dread lich
 49531 | Zot:4    | Noticed an ancient lich
 49537 | Zot:4    | Killed a dread lich
 49549 | Zot:4    | Killed an ancient lich
 50213 | Zot:4    | Identified the +8 hand axe "Rigucy" {freeze, rC++ SInv}
 50558 | Zot:5    | Entered Level 5 of the Realm of Zot
 50558 | Zot:5    | Noticed a Killer Klown
 50559 | Zot:5    | Noticed an ancient lich
 50565 | Zot:5    | Killed a Killer Klown
 51076 | Zot:5    | Noticed an orb of fire
 51083 | Zot:5    | Gained mutation: You are clumsy. (Dex -2) [an orb of fire]
 51087 | Zot:5    | Gained mutation: Armour fits poorly on your strangely
                  | shaped body. [an orb of fire]
 51089 | Zot:5    | Killed an orb of fire
 51125 | Zot:5    | Lost mutation: You are partially covered in iridescent
                  | scales. (AC +2) [potion of mutation]
 51125 | Zot:5    | Lost mutation: Armour fits poorly on your strangely shaped
                  | body. [potion of mutation]
 51125 | Zot:5    | Gained mutation: You are frail. (-10% HP) [potion of
                  | mutation]
 51125 | Zot:5    | Gained mutation: You are partially covered in iridescent
                  | scales. (AC +2) [potion of mutation]
 51126 | Zot:5    | Lost mutation: You are very dopey. (Int -4) [potion of
                  | mutation]
 51126 | Zot:5    | Lost mutation: You are frail. (-10% HP) [potion of
                  | mutation]
 51126 | Zot:5    | Lost mutation: You are dopey. (Int -2) [potion of mutation]
 51126 | Zot:5    | Gained mutation: Your spells are a little easier to cast,
                  | but a little less powerful. [potion of mutation]
 51126 | Zot:5    | Lost mutation: You are clumsy. (Dex -2) [potion of
                  | mutation]
 51126 | Zot:5    | Gained mutation: You have an increased reservoir of magic.
                  | (+10% MP) [potion of mutation]
 51268 | Zot:5    | Noticed an orb of fire
 51276 | Zot:5    | Gained mutation: You are occasionally teleported next to
                  | monsters. [an orb of fire]
 51278 | Zot:5    | Gained mutation: You do not regenerate when monsters are
                  | visible. [an orb of fire]
 51282 | Zot:5    | Noticed an orb of fire
 51283 | Zot:5    | Gained mutation: You are weak. (Str -2) [an orb of fire]
 51284 | Zot:5    | Killed an orb of fire
 51290 | Zot:5    | Noticed a Killer Klown
 51295 | Zot:5    | Noticed an orb of fire
 51300 | Zot:5    | Killed an orb of fire
 51301 | Zot:5    | Noticed a dread lich
 51308 | Zot:5    | Gained mutation: You are frail. (-10% HP) [an orb of fire]
 51310 | Zot:5    | Noticed an ancient lich
 51311 | Zot:5    | Gained mutation: You sometimes lose your temper in combat.
                  | [an orb of fire]
 51313 | Zot:5    | Gained mutation: Armour fits poorly on your strangely
                  | shaped body. [an orb of fire]
 51315 | Zot:5    | Killed an orb of fire
 51316 | Zot:5    | Reached XP level 27. HP: 145/196 MP: 40/40
 51318 | Zot:5    | Killed an ancient lich
 51320 | Zot:5    | Killed a dread lich
 51322 | Zot:5    | Noticed an orb of fire
 51323 | Zot:5    | Noticed an ancient lich
 51323 | Zot:5    | Gained mutation: You are very weak. (Str -4) [an orb of
                  | fire]
 51328 | Zot:5    | Killed an orb of fire
 51331 | Zot:5    | Noticed an orb of fire
 51331 | Zot:5    | Noticed an orb of fire
 51331 | Zot:5    | Gained mutation: You occasionally lose the ability to drink
                  | potions when taking damage. [an orb of fire]
 51339 | Zot:5    | Gained mutation: You sometimes lose the ability to drink
                  | potions when taking damage. [an orb of fire]
 51343 | Zot:5    | Killed an orb of fire
 51375 | Zot:5    | Lost mutation: You sometimes lose the ability to drink
                  | potions when taking damage. [potion of mutation]
 51375 | Zot:5    | Lost mutation: You have an increased reservoir of magic.
                  | (+10% MP) [potion of mutation]
 51375 | Zot:5    | Gained mutation: You are often teleported next to monsters.
                  | [potion of mutation]
 51375 | Zot:5    | Gained mutation: You have a pair of small horns on your
                  | head. [potion of mutation]
 51376 | Zot:5    | Lost mutation: You are very weak. (Str -4) [potion of
                  | mutation]
 51376 | Zot:5    | Lost mutation: You occasionally lose the ability to drink
                  | potions when taking damage. [potion of mutation]
 51376 | Zot:5    | Gained mutation: Your skin changes colour to match your
                  | surroundings (Stealth+). [potion of mutation]
 51376 | Zot:5    | Lost mutation: Your spells are a little easier to cast, but
                  | a little less powerful. [potion of mutation]
 51376 | Zot:5    | Gained mutation: You are mostly covered in iridescent
                  | scales. (AC +4) [potion of mutation]
 51377 | Zot:5    | Lost mutation: You do not regenerate when monsters are
                  | visible. [potion of mutation]
 51377 | Zot:5    | Lost mutation: Your skin changes colour to match your
                  | surroundings (Stealth+). [potion of mutation]
 51377 | Zot:5    | Lost mutation: You are mostly covered in iridescent scales.
                  | (AC +4) [potion of mutation]
 51377 | Zot:5    | Lost mutation: You sometimes lose your temper in combat.
                  | [potion of mutation]
 51377 | Zot:5    | Gained mutation: You passively dampen the noise of your
                  | surroundings. [potion of mutation]
 51377 | Zot:5    | Gained mutation: Your flesh is heat resistant. (rF+)
                  | [potion of mutation]
 51378 | Zot:5    | Lost mutation: You are partially covered in iridescent
                  | scales. (AC +2) [potion of mutation]
 51378 | Zot:5    | Lost mutation: You are weak. (Str -2) [potion of mutation]
 51378 | Zot:5    | Gained mutation: Your body sometimes deteriorates upon
                  | taking damage. [potion of mutation]
 51378 | Zot:5    | Gained mutation: You are somewhat resistant to further
                  | mutation. [potion of mutation]
 51379 | Zot:5    | Lost mutation: Your body sometimes deteriorates upon taking
                  | damage. [potion of mutation]
 51379 | Zot:5    | Lost mutation: You are frail. (-10% HP) [potion of
                  | mutation]
 51379 | Zot:5    | Lost mutation: Armour fits poorly on your strangely shaped
                  | body. [potion of mutation]
 51380 | Zot:5    | Lost mutation: You have a pair of small horns on your head.
                  | [potion of mutation]
 51380 | Zot:5    | Lost mutation: You are often teleported next to monsters.
                  | [potion of mutation]
 51380 | Zot:5    | Lost mutation: You are somewhat resistant to further
                  | mutation. [potion of mutation]
 51380 | Zot:5    | Gained mutation: Your flesh is cold resistant. (rC+)
                  | [potion of mutation]
 51438 | Zot:5    | Noticed an orb of fire
 51453 | Zot:5    | Gained mutation: Your body sometimes deteriorates upon
                  | taking damage. [an orb of fire]
 51457 | Zot:5    | Killed an orb of fire
 51479 | Zot:5    | Killed an orb of fire
 51532 | Zot:5    | Got the Orb of Zot
 51709 | Depths:4 | Noticed a juggernaut
 51827 | Depths:1 | Noticed a seraph
 52143 | D:1      | Acquired 786 gold pieces
 52146 | D:$      | Escaped with the Orb!

Illustrated notes

Levels and vault maps discovered:
D:1:      lemuel_arrival_rhombus, layout_basic, serial_aquarium,
          aquarium_bridge_square [aquarium_subvault_window,
          aquarium_subvault_bridge, aquarium_subvault_window,
          aquarium_subvault_bridge], aquarium_bridge_square
          [aquarium_subvault_bridge, aquarium_subvault_bridge,
          aquarium_subvault_bridge, aquarium_subvault_wall], aquarium_window_2,
          aquarium_window_1, aquarium_view_2c, aquarium_view_2d,
          aquarium_balcony_1b, aquarium_pool_four, minmay_shallow_snake_nest
D:2:      layout_rooms, nicolae_ecumenical_oubliette, basic_altar,
          nicolae_concentric_dashed_squares_wild, minmay_misc_feat_encased
D:3:      layout_basic, gammafunk_ghost_smash
D:4:      layout_basic, amcnicky_altar_gilded, old_standard_altar, serial_shops,
          shop, serial_glass, glass_columns_b, glass_columns_a, glass_columns_b,
          glass_columns_a, glass_columns_a, st_stairs_8, minmay_door_square,
          uniq_grinder
D:5:      layout_basic, ebering_ghost_disaster_area,
          mainiacjoe_ossuary_entry_dusty_tomb
D:6:      layout_rooms, lemuel_round_altar, minmay_temple_entry_glassed_door
D:7:      layout_basic, mainiacjoe_overflow_small_starburst, tgw_fedhas,
          serial_corexii_hall, corexii_hall_statues_x,
          corexii_hall_statues_deadend
D:8:      layout_loops_cross, dpeg_oklobed_lair, uniq_pikel, uniq_maggie,
          uniq_gastronok
D:9:      layout_loops_ring, serial_shops, nicolae_shop_tiny_statue_garden
D:10:     layout_long_grid, dk_yredelemnul_ordeal, enter_bailey_4, minivault_5,
          uniq_harold
D:11:     layout_irregular_city, nicolae_trove_entry_crystal,
          dancing_weapons_uskayaw, uniq_fannar
D:12:     layout_roguey, orc_david_3, corexii_leaking_fountain, uniq_erolcha,
          uniq_psyche
D:13:     layout_basic, gauntlet_entry_generic, gammafunk_ghost_necromancy
D:14:     layout_stronghold, david_vaults_5, minmay_misc_feat_ornament,
          nicolae_gozag_cash_rules_everything_around_me
D:15:     hangedman_depths_entry_civil_slaughter, layout_stronghold
Lair:1:   layout_hall_layers, uniq_joseph, uniq_sonja
Lair:2:   layout_loops_ring, gammafunk_ghost_cemetery
Lair:3:   layout_concentric_octagons, palyth_hydra_swamp_entry,
          spider_nest_entry_webs, chequers_serial_rivers_micro_d,
          grunt_megastairs_1, uniq_prince_ribbit2
Lair:4:   layout_cave_pods, minmay_slime_entry_pillars
Lair:5:   gammafunk_lair_ancient_temple, layout_regular_city, basic_altar,
          chequers_serial_rivers_micro_e, st_stairs_11, minmay_hedge_maze,
          infiniplex_staircase_pool_2
Swamp:1:  layout_falls_marsh, nicolae_swamp_well_well_well, uniq_nikola,
          uniq_kirke
Swamp:2:  gammafunk_mikee_crab_dinner, layout_basic_swamp,
          evilmike_swamp_ruin_house_3
Swamp:3:  nicolae_swamp_ascending_descending, layout_basic_swamp,
          serial_swamp_ruin, evilmike_swamp_ruin_house_4,
          evilmike_swamp_ruin_house_2
Swamp:4:  swamp, layout_basic_swamp, nicolae_swamp_tree_isthmus
Spider:1: layout_cave_pods, hellmonk_deceptive_appearances, uniq_louise
Spider:2: layout_spider_delve, hangedman_spider_mandibles,
          nicolae_spider_some_kinda_spiderbox,
          hangedman_spider_tarantella_strand
Spider:3: layout_spider_delve, spiders_nest_the_unseen, uniq_arachne
Spider:4: spider_rune_water
Orc:1:    layout_diamond_mine
Orc:2:    st_orc_town, layout_caves, serial_shops, shop,
          nicolae_orc_found_a_spring
Elf:1:    minmay_elf_arrival_circle, layout_gridlike, basic_altar,
          hangedman_corner_corridor
Elf:2:    elven_hall_of_blades_hangedman_original
          [nicolae_blade_entry_pointy_end], layout_onion_city, serial_shops,
          shop, basic_altar
Elf:3:    minmay_elf_hall_dome, layout_gridlike, hangedman_decor_cross_pass,
          uniq_norris
Vaults:1: nicolae_vaults_three_branches, nicolae_vaults_angled_halls,
          nicolae_vaults_closet_pinwheel_2, vaults_room_semicircle, v_misc_19,
          vaults_room_large_hall, v_misc_9, nicolae_vaults_house_3, v_misc_12,
          nicolae_vaults_storage_room_water, nicolae_vaults_sealed_display,
          layout_vaults_chaotic_city, uniq_zenata
Vaults:2: not_door_vault_mu, ontoclasm_vaults_claustrophobia,
          nicolae_vaults_apartment_1, hangedman_vaults_capsules,
          nicolae_vaults_little_squares_2, v_misc_1, vaults_mumra_chevron,
          vaults_mumra_chevron_long, v_rooms_3, nicolae_vaults_more_shelving_2,
          layout_vaults_omnigrid, serial_shops, nicolae_shop_rolling_square,
          uniq_xtahua
Vaults:3: nicolae_vaults_network_star, nicolae_vaults_double_plus_3,
          nicolae_vaults_network_s, minmay_crypt_entry_simple_statues,
          hangedman_vaults_variations, v_misc_4,
          ontoclasm_vaults_loading_screen, vaults_room_hallway,
          grunt_vaults_funnel, nicolae_vaults_tetromino_L_2, vaults_room_pool,
          hangedman_vaults_slice, layout_vaults_omnibox, serial_shops, shop,
          nicolae_shop_pleasant_corner_grove, uniq_boris, uniq_mennas
Vaults:4: serial_ice_g, grunt_vaults_hallway_long, hangedman_vaults_restitches,
          nicolae_vaults_little_squares_1, hangedman_vaults_stream,
          nicolae_vaults_tetromino_Z_2, nicolae_vaults_weapon_check,
          nicolae_vaults_stepped_doors, nicolae_vaults_six-pack,
          hangedman_vaults_hard_town_square, grunt_vaults_twisty,
          ontoclasm_vaults_loading_screen, nicolae_vaults_variable_pillar_hall,
          layout_vaults_ring, uniq_donald
Depths:1: layout_cave_shapes, serial_shops, freezing_bzr,
          minmay_misc_feat_pillars, serial_column_ruins, column_ruins_hut,
          column_ruins_columns_straight, column_ruins_columns_corner,
          column_ruins_open_small, column_ruins_open_small,
          minmay_room_of_horrors, hell_entry, hangedman_decor_diamond_cutter,
          zin_treasury
Depths:2: kennysheep_ambush_hall, layout_gridlike, grunt_mini_vestibule,
          lemuel_tele_altar, rand_demon_pan_entry_8, uniq_vv
Depths:3: minmay_the_grid_ultimate [minmay_the_grid_prize_trominoes,
          minmay_the_grid_prize_diamond_cup, minmay_the_grid_prize_big_room,
          minmay_the_grid_prize_four_corners_diamond_a,
          minmay_the_grid_square_5x5_pentomino_r,
          minmay_the_grid_square_5x5_shrine1,
          minmay_the_grid_square_5x5_inner_i,
          minmay_the_grid_square_5x5_inverted_slash,
          minmay_the_grid_square_5x5_two_small,
          minmay_the_grid_square_5x5_bridge,
          minmay_the_grid_square_5x5_tetrominoes,
          minmay_the_grid_square_5x5_plus, minmay_the_grid_square_5x5_tie,
          minmay_the_grid_square_5x5_beaten_path,
          minmay_the_grid_square_5x5_forky,
          minmay_the_grid_square_5x5_half_checkered,
          minmay_the_grid_square_5x5_six, minmay_the_grid_square_5x5_six_small,
          minmay_the_grid_square_5x5_minibox,
          minmay_the_grid_triangle_9x9_from_above,
          minmay_the_grid_triangle_9x9_longest,
          minmay_the_grid_triangle_9x9_descending_squares,
          minmay_the_grid_triangle_9x9_pentomino_pain,
          minmay_the_grid_triangle_9x9_warning,
          minmay_the_grid_triangle_9x9_shrine,
          minmay_the_grid_triangle_9x9_dagger,
          minmay_the_grid_triangle_9x9_swiss_cheese,
          minmay_the_grid_triangle_9x9_corruption,
          minmay_the_grid_triangle_9x9_steps,
          minmay_the_grid_triangle_9x9_subtriangle,
          minmay_the_grid_triangle_9x9_minimal,
          minmay_the_grid_triangle_9x9_checkered,
          minmay_the_grid_triangle_9x9_wacky_v,
          minmay_the_grid_triangle_9x9_zippers_horizontal,
          minmay_the_grid_triangle_9x9_limited_checkers,
          minmay_the_grid_square_5x5_longway,
          minmay_the_grid_octo_vomiting_pacman,
          minmay_the_grid_octo_fat_diamond, minmay_the_grid_octo_odd_swirl,
          minmay_the_grid_octo_clover, minmay_the_grid_octo_empty,
          minmay_the_grid_octo_77, minmay_the_grid_octo_teeth,
          minmay_the_grid_octo_concentric, minmay_the_grid_box_x,
          minmay_the_grid_doors, minmay_the_grid_armoury,
          minmay_the_grid_spikes], hell_entry, abyss_entry, pan_entry
Depths:4: evilmike_zot_entry_basic, layout_basic, enter_ziggurat_a,
          nicolae_eternal_life, abyss_entry, hell_entry, minmay_shop_star,
          serial_bayou_shore_b
Zot:1:    layout_twisted_circle, regret_index_zotdec_wing_it, st_stairs_12,
          st_grand_hoard_of_tiamat
Zot:2:    layout_gridville, st_stairs_13, evilmike_ambush
          [evilmike_ambush_outer_pillars, evilmike_ambush_inner_pond]
Zot:3:    layout_concentric_octagons, st_stairs_10, grunt_ministairs_10
Zot:4:    hellmonk_crystal_mountain, layout_cathedral_of_symmetry,
          nicolae_tricolors, regret_index_zotdec_twisting_globes
Zot:5:    layout_gridlike

Skill      XL: |  1  2  3  4  5  6  7  8  9 10 11 12 13 14 15 16 17 18 19 20 21 22 23 24 25 26 27 |
---------------+----------------------------------------------------------------------------------+-----
Long Blades    | 4 5 6 7 10 12 15 18 19 | 19.9
Short Blades   | 1 2 |  2.6
Stealth        | 1 2 3 6 7 10 11 12 14 16 17 19 21 22 | 22.2
Fighting       | 4 5 6 7 8 9 10 13 15 17 18 19 20 22 23 25 26 | 26.7
Dodging        | 5 6 7 8 10 12 15 18 20 21 22 23 24 25 27 | 27.0
Spellcasting   | 1 2 3 5 |  5.0
Translocations | 1 2 3 |  3.0
Invocations    | 2 4 6 7 8 10 13 16 18 20 | 20.0
Evocations     | 3 6 8 9 11 12 14 15 17 18 19 | 19.3
Alchemy        | 4 9 11 | 11.0

Action                     |  1- 3 |  4- 6 |  7- 9 | 10-12 | 13-15 | 16-18 | 19-21 | 22-24 | 25-27 || total
---------------------------+-------+-------+-------+-------+-------+-------+-------+-------+-------++-------
  Melee: Falchion          |     9 |       |       |       |       |       |       |       |       ||     9
         Dagger            |    91 |     9 |       |       |       |       |       |       |       ||   100
         Long sword        |       |    52 |   232 |   174 |       |       |       |       |       ||   458
         Punch             |       |       |     6 |     1 |       |       |       |       |       ||     7
         Tailslap          |       |       |       |     3 |    10 |    28 |     3 |       |       ||    44
         Great sword       |       |       |       |    99 |   480 |   713 |   612 |   854 |   601 ||  3359
         Unarmed           |       |       |       |       |     6 |       |       |       |       ||     6
  Throw: Dart              |       |       |       |    24 |       |       |       |       |       ||    24
         Javelin           |       |       |       |       |       |       |       |       |     1 ||     1
   Cast: Blink             |       |       |       |       |       |       |     1 |       |       ||     1
         Olgreb's Toxic Ra |       |       |       |       |       |       |    26 |    33 |    27 ||    86
 Invoke: Ancestor Life: He |     1 |       |       |       |       |       |       |       |       ||     1
         Recall Ancestor   |       |       |       |     1 |     3 |     4 |     2 |     5 |     2 ||    17
         Idealise          |       |       |       |     2 |     4 |     8 |     9 |    10 |    17 ||    50
         Transference      |       |       |       |       |       |       |     1 |       |     1 ||     2
  Evoke: Wand              |       |       |       |     2 |       |       |     5 |       |       ||     7
         Box of beasts     |       |       |       |       |       |     1 |       |       |       ||     1
    Use: Scroll            |       |       |    15 |    24 |     8 |     3 |     3 |     6 |    10 ||    69
         Potion            |       |       |       |       |     2 |     8 |     3 |    17 |    24 ||    54
   Stab: Sleeping          |     1 |       |     6 |    12 |     8 |    17 |     7 |     9 |     2 ||    62
         Confused          |       |     1 |     8 |    13 |    14 |    26 |    63 |    84 |    61 ||   270
         Distracted        |       |     1 |     5 |     7 |    14 |    13 |    10 |    22 |    25 ||    97
         Paralysed         |       |       |       |       |    14 |    39 |    61 |    49 |    21 ||   184
         Held in net/web   |       |       |       |       |       |     2 |       |       |       ||     2
 Armour: Robe              |    43 |    23 |    84 |       |       |       |       |       |       ||   150
         Steam dragon scal |       |       |     3 |    98 |   103 |   217 |   139 |   138 |   137 ||   835
         Skin              |       |       |       |       |     3 |       |       |       |       ||     3
  Dodge: Dodged            |    56 |    37 |   168 |   243 |   413 |  1094 |   672 |   932 |   839 ||  4454
  Block: Other             |       |       |       |       |    30 |   155 |   103 |   105 |       ||   393
         Reflection        |       |       |       |       |     3 |     5 |     9 |     4 |       ||    21
Riposte: Long sword        |       |       |    45 |    20 |       |       |       |       |       ||    65
         Great sword       |       |       |       |    21 |    93 |   250 |   145 |   206 |   117 ||   832
